BlackHawks vs Jets

Created - September-20-13 at 19:26

Simulating a Pre-Season

Goals
1 2 3 T
BlackHawks 1 0 1 2
Jets 0 2 1 3
Shots
1 2 3 T
BlackHawks 6 4 12 22
Jets 6 10 3 19

1st period

1. BlackHawks , Jay McClement 1 (Martin Erat, Mika Zibanejad) at 9:53

Penalties :
Curtis Glencross (WPG) for High sticking (Minor) at 1:14, Davis Drewiske (CHI) for Tripping (Minor) at 1:14, Mark Eaton (CHI) for Interference (Minor) at 15:32

2nd period

2. Jets , Pascal Dupuis 4 (Henrik Sedin, Dennis Wideman) at 7:09
3. Jets , Curtis Glencross 3 (T.J. Brodie, Lee Stempniak) at 8:28

Penalties :
Jay McClement (CHI) for Holding (Minor) at 3:22, Martin Erat (CHI) for High sticking (Minor) at 11:32, James Wisniewski (WPG) for Hooking (Minor) at 18:46

3rd period

4. BlackHawks , Bryan Little 3 (Zach Parise, P.K. Subban) at 12:56 (PP)
5. Jets , Henrik Sedin 5 (Pascal Dupuis, James Wisniewski) at 16:06

Penalties :
Martin Hanzal (WPG) for Hooking (Minor) at 2:53, James Wisniewski (WPG) for Hooking (Minor) at 12:42

Goalie Stats

Braden Holtby (CHI), 16 saves from 19 shots - (0.842), L, 3-6-0, 59:22 minutes
Ray Emery (WPG), 20 saves from 22 shots - (0.909), W, 4-0-0, 60:00 minutes

Players Stats for BlackHawks

Player Name              G  A  P  +/- PIM S  H  SB GA TA FO     MP     PP MP  PK MP  
------------------------------------------------------------------------------------
Alexander Killorn        0  0  0   0  0   0  0  0  0  0  1/6     8:22   0:00   2:02 
Antoine Vermette         0  0  0  -2  0   1  2  0  0  0  2/3    20:23   3:28   3:46 
Bryan Little             1  0  1  -2  0   4  1  1  0  0  2/2    19:56   3:28   2:28 
Dan Boyle                0  0  0  -2  0   1  1  0  0  0  0/0    26:32   3:28   3:25 
Davis Drewiske           0  0  0   1  2   0  0  1  0  0  0/0    15:40   0:44   2:32 
Francis Bouillon         0  0  0   1  0   0  0  0  0  0  0/0    12:25   0:00   0:00 
Jack Hillen              0  0  0  -1  0   0  3  0  0  0  0/0    19:29   0:44   0:58 
Jamie McGinn             0  0  0   0  0   1  0  0  0  0  0/0     6:20   0:00   0:00 
Jay McClement            1  0  1   0  2   2  1  0  0  0  2/4    19:27   0:44   0:11 
Mark Eaton               0  0  0  -1  2   1  2  1  0  0  0/0    19:20   0:00   1:34 
Martin Erat              0  1  1   0  2   2  0  0  0  0  3/3    21:04   0:44   2:39 
Mats Zuccarello          0  0  0   0  0   0  0  0  0  0  5/10   12:37   0:00   0:48 
Mika Zibanejad           0  1  1   0  0   2  2  0  0  0  9/21   17:52   0:44   0:00 
P.K. Subban              0  1  1  -2  0   1  1  1  0  0  0/0    26:32   3:28   3:25 
Radko Gudas              0  0  0   0  0   0  0  0  0  0  0/0     0:00   0:00   0:00 
Simon Gagne              0  0  0   0  0   3  0  0  0  0  2/2    11:49   0:00   0:00 
Tyler Kennedy            0  0  0   0  0   1  1  0  0  0  0/2    11:49   0:00   0:00 
Zach Parise              0  1  1  -2  0   3  5  0  0  0  11/25  22:23   3:28   0:00 

Players Stats for Jets

Player Name              G  A  P  +/- PIM S  H  SB GA TA FO     MP     PP MP  PK MP  
------------------------------------------------------------------------------------
Boyd Gordon              0  0  0   0  0   0  0  0  0  0  7/12    8:26   0:00   3:18 
Curtis Glencross         1  0  1   1  2   3  1  0  0  0  0/1    12:02   0:02   0:00 
David Schlemko           0  0  0   0  0   1  5  0  0  0  0/0    21:07   0:00   2:24 
Dennis Wideman           0  1  1   1  0   0  1  0  0  0  0/0    24:12   3:00   1:48 
Henrik Sedin             1  1  2   1  0   2  1  0  0  0  11/23  19:46   2:58   0:00 
James Wisniewski         0  1  1   1  4   1  3  0  0  0  0/0    20:01   2:57   0:00 
Jeff Carter              0  0  0   1  0   1  1  0  0  0  0/0    19:46   2:58   0:00 
Kevin Klein              0  0  0   1  0   0  0  1  0  0  0/0    14:59   0:02   1:48 
Kimmo Timonen            0  0  0   0  0   0  0  2  0  0  0/0    24:05   2:58   2:24 
Lee Stempniak            0  1  1   1  0   3  2  0  0  0  2/2    11:43   0:02   0:40 
Martin Hanzal            0  0  0   0  2   0  2  0  0  0  11/22  20:04   2:57   0:14 
Matt Cooke               0  0  0   0  0   0  0  0  0  0  0/0     6:04   0:02   0:54 
Matt Cullen              0  0  0   1  0   0  0  0  0  0  8/11   11:01   0:00   0:00 
Matt Moulson             0  0  0   0  0   3  0  0  0  0  1/3    19:51   2:57   0:00 
Nick Bonino              0  0  0   0  0   0  0  0  0  0  0/1     4:08   0:00   0:00 
Pascal Dupuis            1  1  2   1  0   3  1  2  0  0  1/1    21:39   2:58   3:18 
Pierre-Alexandr Parentea 0  0  0   0  0   2  0  0  0  0  0/2    19:17   2:57   0:00 
T.J. Brodie              0  1  1   1  0   0  0  1  0  0  0/0    15:34   2:57   0:00 

3 Stars

1 - Pascal Dupuis (WPG)
2 - Henrik Sedin (WPG)
3 - Lee Stempniak (WPG)

Power Play

BlackHawks - 1 on 3 Attempt(s) - 33.33%
Jets - 0 on 3 Attempt(s) - 0.00%

Penalty Kill

BlackHawks - 3 on 3 Attempt(s) - 100.00% - Score 0 goal in Penalty Kill
Jets - 2 on 3 Attempt(s) - 66.67% - Score 0 goal in Penalty Kill

Official

Referees : Ghislain Hebert and Dan O'Rourke
Linesman : Lonnie Cameron and Tim Nowak

Game Notes

No Game Note

% Time on Ice - BlackHawks

Lines # - Real PCT - Wanted PCT - Time Play
Normal Forward
1 - 26% - 40% - 12:24
2 - 36% - 30% - 17:08
3 - 25% - 20% - 11:49
4 - 13% - 10% - 6:20
Normal Defense
1 - 36% - 40% - 17:14
2 - 36% - 30% - 17:13
3 - 26% - 20% - 12:25
4 - 2% - 10% - 0:49
PP Forward
1 - 83% - 60% - 3:28
2 - 17% - 40% - 0:44
PP Defense
1 - 83% - 60% - 3:28
2 - 17% - 40% - 0:44
PK Forward
1 - 87% - 60% - 5:10
2 - 13% - 40% - 0:47
PK Defense
1 - 57% - 60% - 3:25
2 - 43% - 40% - 2:32
PK3 Forward
1 - 0% - 60%
2 - 0% - 40%
PK3 Defense
1 - 0% - 60%
2 - 0% - 40%
44 Forward
1 - 71% - 60% - 1:25
2 - 29% - 40% - 0:34
44 Defense
1 - 71% - 60% - 1:25
2 - 29% - 40% - 0:34
Last Minute Offensive  - 0:11
Last Minute Defensive  - 0:00
Total
Forward - 60:00
Defense - 60:00

% Time on Ice - Jets

Lines # - Real PCT - Wanted PCT - Time Play
Normal Forward
1 - 33% - 35% - 15:23
2 - 35% - 33% - 16:20
3 - 24% - 22% - 11:01
4 - 9% - 10% - 4:08
Normal Defense
1 - 39% - 40% - 18:09
2 - 36% - 37% - 17:06
3 - 13% - 13% - 6:18
4 - 11% - 10% - 5:19
PP Forward
1 - 50% - 60% - 2:58
2 - 50% - 40% - 2:59
PP Defense
1 - 50% - 60% - 3:00
2 - 50% - 40% - 2:57
PK Forward
1 - 79% - 60% - 3:18
2 - 21% - 40% - 0:54
PK Defense
1 - 57% - 60% - 2:24
2 - 43% - 40% - 1:48
PK3 Forward
1 - 0% - 60%
2 - 0% - 40%
PK3 Defense
1 - 0% - 60%
2 - 0% - 40%
44 Forward
1 - 71% - 51% - 1:25
2 - 29% - 49% - 0:34
44 Defense
1 - 29% - 51% - 0:34
2 - 71% - 49% - 1:25
Last Minute Offensive  - 0:00
Last Minute Defensive  - 1:00
Total
Forward - 60:00
Defense - 60:00

Play by Play

1st period


0:01 of 1st period - Henrik Sedin wins face-off versus Zach Parise in neutral zone.
0:05 of 1st period - Icing by Zach Parise.
0:06 of 1st period - Zach Parise wins face-off versus Martin Hanzal in BlackHawks zone.
0:11 of 1st period - P.K. Subban is hit by Dennis Wideman and loses puck.
0:21 of 1st period - Icing by Dennis Wideman.
0:22 of 1st period - Mika Zibanejad wins face-off versus Martin Hanzal in Jets zone.
0:45 of 1st period - Shot by Mark Eaton.
0:45 of 1st period - Stopped by Ray Emery without a rebound.
0:46 of 1st period - Simon Gagne wins face-off versus Matt Cullen in Jets zone.
0:46 of 1st period - Davis Drewiske is hit by David Schlemko.
1:14 of 1st period - Minor Penalty to Curtis Glencross for High sticking.
1:14 of 1st period - Minor Penalty to Davis Drewiske for Tripping.
1:15 of 1st period - Henrik Sedin wins face-off versus Jay McClement in BlackHawks zone.
1:22 of 1st period - Shot by P.K. Subban.
1:22 of 1st period - Shot Misses the Net.
1:26 of 1st period - Shot by Jay McClement.
1:26 of 1st period - Shot Misses the Net.
1:49 of 1st period - Shot by Dan Boyle.
1:49 of 1st period - Deflect By Bryan Little.
1:49 of 1st period - Stopped by Ray Emery without a rebound.
1:50 of 1st period - Martin Hanzal wins face-off versus Antoine Vermette in Jets zone.
1:50 of 1st period - Martin Hanzal is hit by Antoine Vermette.
1:57 of 1st period - Off-side.
1:58 of 1st period - Antoine Vermette wins face-off versus Martin Hanzal in neutral zone.
2:23 of 1st period - Shot by Matt Moulson.
2:23 of 1st period - Stopped by Braden Holtby without a rebound.
2:24 of 1st period - Henrik Sedin wins face-off versus Jay McClement in BlackHawks zone.
2:24 of 1st period - Kevin Klein is hit by P.K. Subban and loses puck.
2:53 of 1st period - Shot by Jeff Carter.
2:53 of 1st period - Shot Blocked by Bryan Little.
2:55 of 1st period - Shot by Dennis Wideman.
2:55 of 1st period - Shot Misses the Net.
2:57 of 1st period - Shot by Henrik Sedin.
2:57 of 1st period - Deflect By Jeff Carter.
2:57 of 1st period - Shot Misses the Net.
2:59 of 1st period - Shot by Henrik Sedin.
2:59 of 1st period - Shot Misses the Net.
3:40 of 1st period - Pierre-Alexandr Parenteau is hit by Jack Hillen and loses puck.
4:17 of 1st period - Shot by Dennis Wideman.
4:17 of 1st period - Shot Misses the Net.
4:27 of 1st period - Shot by Lee Stempniak.
4:27 of 1st period - Stopped by Braden Holtby without a rebound.
4:28 of 1st period - Mats Zuccarello wins face-off versus Nick Bonino in BlackHawks zone.
5:29 of 1st period - Shot by Jeff Carter.
5:29 of 1st period - Shot Misses the Net.
5:43 of 1st period - Shot by Mika Zibanejad.
5:43 of 1st period - Stopped by Ray Emery without a rebound.
5:44 of 1st period - Zach Parise wins face-off versus Martin Hanzal in Jets zone.
5:44 of 1st period - Davis Drewiske is hit by David Schlemko and loses puck.
6:36 of 1st period - Icing by Davis Drewiske.
6:37 of 1st period - Zach Parise wins face-off versus Henrik Sedin in BlackHawks zone.
7:42 of 1st period - Shot by Simon Gagne.
7:42 of 1st period - Stopped by Ray Emery without a rebound.
7:43 of 1st period - Mats Zuccarello wins face-off versus Martin Hanzal in Jets zone.
9:05 of 1st period - Shot by Bryan Little.
9:05 of 1st period - Shot Misses the Net.
9:53 of 1st period - Shot by Jay McClement.
9:53 of 1st period - Goal by Jay McClement - BlackHawks : 1 - Jets : 0.
9:54 of 1st period - Zach Parise wins face-off versus Boyd Gordon in neutral zone.
10:20 of 1st period - Shot by Zach Parise.
10:20 of 1st period - Stopped by Ray Emery without a rebound.
10:21 of 1st period - Mika Zibanejad wins face-off versus Henrik Sedin in Jets zone.
11:54 of 1st period - David Schlemko is hit by Tyler Kennedy and loses puck.
12:37 of 1st period - Shot by Matt Cullen.
12:37 of 1st period - Deflect By Lee Stempniak.
12:37 of 1st period - Stopped by Braden Holtby without a rebound.
12:38 of 1st period - Mika Zibanejad wins face-off versus Boyd Gordon in BlackHawks zone.
13:18 of 1st period - Martin Erat is hit by James Wisniewski and loses puck.
13:40 of 1st period - Off-side.
13:41 of 1st period - Henrik Sedin wins face-off versus Tyler Kennedy in neutral zone.
13:44 of 1st period - Shot by David Schlemko.
13:44 of 1st period - Shot Blocked by Davis Drewiske.
13:46 of 1st period - Shot by David Schlemko.
13:46 of 1st period - Stopped by Braden Holtby without a rebound.
13:47 of 1st period - Zach Parise wins face-off versus Henrik Sedin in BlackHawks zone.
14:07 of 1st period - Shot by Jeff Carter.
14:07 of 1st period - Deflect By Pascal Dupuis.
14:07 of 1st period - Stopped by Braden Holtby without a rebound.
14:08 of 1st period - Mika Zibanejad wins face-off versus Martin Hanzal in BlackHawks zone.
14:12 of 1st period - Off-side.
14:13 of 1st period - Henrik Sedin wins face-off versus Zach Parise in neutral zone.
14:22 of 1st period - P.K. Subban is hit by Pascal Dupuis and loses puck.
15:30 of 1st period - Matt Moulson is hit by Jack Hillen and loses puck.
15:32 of 1st period - Minor Penalty to Mark Eaton for Interference.
15:33 of 1st period - Martin Erat wins face-off versus Martin Hanzal in BlackHawks zone.
15:50 of 1st period - Shot by Pierre-Alexandr Parenteau.
15:50 of 1st period - Stopped by Braden Holtby with a rebound.
16:30 of 1st period - Icing by Kimmo Timonen.
16:31 of 1st period - Henrik Sedin wins face-off versus Alexander Killorn in Jets zone.
16:31 of 1st period - Henrik Sedin is hit by Antoine Vermette.
16:46 of 1st period - Icing by Henrik Sedin.
16:47 of 1st period - Henrik Sedin wins face-off versus Alexander Killorn in Jets zone.
17:08 of 1st period - Icing by Dennis Wideman.
17:09 of 1st period - Jay McClement wins face-off versus Henrik Sedin in Jets zone.
18:52 of 1st period - Jamie McGinn is hit by Lee Stempniak and loses puck.
19:46 of 1st period - Off-side.
19:47 of 1st period - Henrik Sedin wins face-off versus Zach Parise in neutral zone.

2nd period


0:01 of 2nd period - Antoine Vermette wins face-off versus Henrik Sedin in neutral zone.
0:06 of 2nd period - Pascal Dupuis is hit by Zach Parise and loses puck.
0:12 of 2nd period - Off-side.
0:13 of 2nd period - Martin Hanzal wins face-off versus Mika Zibanejad in neutral zone.
1:24 of 2nd period - Shot by James Wisniewski.
1:24 of 2nd period - Stopped by Braden Holtby without a rebound.
1:25 of 2nd period - Matt Cullen wins face-off versus Mats Zuccarello in BlackHawks zone.
1:30 of 2nd period - Icing by P.K. Subban.
1:31 of 2nd period - Simon Gagne wins face-off versus Henrik Sedin in BlackHawks zone.
2:41 of 2nd period - Shot by Antoine Vermette.
2:41 of 2nd period - Shot Misses the Net.
2:43 of 2nd period - Shot by Bryan Little.
2:43 of 2nd period - Stopped by Ray Emery without a rebound.
2:44 of 2nd period - Martin Hanzal wins face-off versus Mika Zibanejad in Jets zone.
2:51 of 2nd period - Icing by Mark Eaton.
2:52 of 2nd period - Matt Cullen wins face-off versus Mika Zibanejad in BlackHawks zone.
2:52 of 2nd period - David Schlemko is hit by Mark Eaton and loses puck.
3:22 of 2nd period - Minor Penalty to Jay McClement for Holding.
3:23 of 2nd period - Martin Erat wins face-off versus Martin Hanzal in BlackHawks zone.
4:09 of 2nd period - Icing by T.J. Brodie.
4:10 of 2nd period - Martin Hanzal wins face-off versus Alexander Killorn in Jets zone.
4:12 of 2nd period - Icing by T.J. Brodie.
4:13 of 2nd period - Martin Hanzal wins face-off versus Alexander Killorn in Jets zone.
4:50 of 2nd period - Shot by Pascal Dupuis.
4:50 of 2nd period - Stopped by Braden Holtby without a rebound.
4:51 of 2nd period - Alexander Killorn wins face-off versus Henrik Sedin in BlackHawks zone.
5:12 of 2nd period - Shot by Henrik Sedin.
5:12 of 2nd period - Deflect By Pascal Dupuis.
5:12 of 2nd period - Shot Misses the Net.
5:24 of 2nd period - Shot by T.J. Brodie.
5:24 of 2nd period - Shot Misses the Net.
5:30 of 2nd period - Shot by Curtis Glencross.
5:30 of 2nd period - Stopped by Braden Holtby without a rebound.
5:31 of 2nd period - Zach Parise wins face-off versus Martin Hanzal in BlackHawks zone.
5:46 of 2nd period - Shot by Zach Parise.
5:46 of 2nd period - Stopped by Ray Emery without a rebound.
5:47 of 2nd period - Matt Cullen wins face-off versus Mats Zuccarello in Jets zone.
5:51 of 2nd period - Off-side.
5:52 of 2nd period - Martin Hanzal wins face-off versus Zach Parise in neutral zone.
5:59 of 2nd period - Shot by Pierre-Alexandr Parenteau.
5:59 of 2nd period - Stopped by Braden Holtby with a rebound.
6:01 of 2nd period - Shot by Kimmo Timonen.
6:01 of 2nd period - Shot Misses the Net.
6:11 of 2nd period - Shot by Pierre-Alexandr Parenteau.
6:11 of 2nd period - Deflect By Matt Moulson.
6:11 of 2nd period - Shot Misses the Net.
6:22 of 2nd period - Icing by P.K. Subban.
6:23 of 2nd period - Henrik Sedin wins face-off versus Zach Parise in BlackHawks zone.
6:54 of 2nd period - Shot by Henrik Sedin.
6:54 of 2nd period - Shot Blocked by P.K. Subban.
7:09 of 2nd period - Shot by Pascal Dupuis.
7:09 of 2nd period - Goal by Pascal Dupuis - BlackHawks : 1 - Jets : 1.
7:10 of 2nd period - Martin Hanzal wins face-off versus Mika Zibanejad in neutral zone.
7:37 of 2nd period - Shot by Pierre-Alexandr Parenteau.
7:37 of 2nd period - Deflect By Matt Moulson.
7:37 of 2nd period - Stopped by Braden Holtby without a rebound.
7:38 of 2nd period - Lee Stempniak wins face-off versus Mats Zuccarello in BlackHawks zone.
7:45 of 2nd period - Simon Gagne is hit by Curtis Glencross and loses puck.
7:53 of 2nd period - Icing by T.J. Brodie.
7:54 of 2nd period - Martin Erat wins face-off versus Matt Cullen in Jets zone.
8:28 of 2nd period - Shot by Curtis Glencross.
8:28 of 2nd period - Goal by Curtis Glencross - BlackHawks : 1 - Jets : 2.
8:29 of 2nd period - Pascal Dupuis wins face-off versus Zach Parise in neutral zone.
8:32 of 2nd period - Zach Parise is hit by Jeff Carter and loses puck.
9:16 of 2nd period - Icing by Kimmo Timonen.
9:17 of 2nd period - Mika Zibanejad wins face-off versus Henrik Sedin in Jets zone.
9:29 of 2nd period - Jay McClement is hit by David Schlemko and loses puck.
10:42 of 2nd period - Tyler Kennedy is hit by Martin Hanzal and loses puck.
11:03 of 2nd period - James Wisniewski is hit by Zach Parise and loses puck.
11:28 of 2nd period - Shot by Zach Parise.
11:28 of 2nd period - Shot Blocked by T.J. Brodie.
11:30 of 2nd period - Shot by Antoine Vermette.
11:30 of 2nd period - Stopped by Ray Emery without a rebound.
11:31 of 2nd period - Boyd Gordon wins face-off versus Mika Zibanejad in Jets zone.
11:31 of 2nd period - Kevin Klein is hit by Mika Zibanejad and loses puck.
11:32 of 2nd period - Minor Penalty to Martin Erat for High sticking.
11:33 of 2nd period - Bryan Little wins face-off versus Martin Hanzal in BlackHawks zone.
11:50 of 2nd period - Shot by Pierre-Alexandr Parenteau.
11:50 of 2nd period - Shot Misses the Net.
11:52 of 2nd period - Shot by Matt Moulson.
11:52 of 2nd period - Shot Misses the Net.
11:58 of 2nd period - Shot by Matt Moulson.
11:58 of 2nd period - Stopped by Braden Holtby without a rebound.
11:59 of 2nd period - Henrik Sedin wins face-off versus Alexander Killorn in BlackHawks zone.
12:12 of 2nd period - Shot by Dennis Wideman.
12:12 of 2nd period - Shot Misses the Net.
13:18 of 2nd period - Dan Boyle is hit by Martin Hanzal and loses puck.
13:36 of 2nd period - Icing by Boyd Gordon.
13:37 of 2nd period - Boyd Gordon wins face-off versus Mika Zibanejad in Jets zone.
15:29 of 2nd period - P.K. Subban is hit by David Schlemko and loses puck.
16:13 of 2nd period - Shot by Jeff Carter.
16:13 of 2nd period - Stopped by Braden Holtby with a rebound.
16:15 of 2nd period - Shot by Pascal Dupuis.
16:15 of 2nd period - Shot Hit the Post.
17:15 of 2nd period - Off-side.
17:16 of 2nd period - Martin Hanzal wins face-off versus Mika Zibanejad in neutral zone.
17:23 of 2nd period - Shot by Pierre-Alexandr Parenteau.
17:23 of 2nd period - Shot Misses the Net.
17:40 of 2nd period - Shot by Martin Erat.
17:40 of 2nd period - Stopped by Ray Emery without a rebound.
17:41 of 2nd period - Mats Zuccarello wins face-off versus Matt Cullen in Jets zone.
18:10 of 2nd period - Shot by Lee Stempniak.
18:10 of 2nd period - Stopped by Braden Holtby without a rebound.
18:11 of 2nd period - Mika Zibanejad wins face-off versus Pierre-Alexandr Parenteau in BlackHawks zone.
18:16 of 2nd period - Jay McClement is hit by James Wisniewski and loses puck.
18:46 of 2nd period - Minor Penalty to James Wisniewski for Hooking.
18:47 of 2nd period - Boyd Gordon wins face-off versus Zach Parise in Jets zone.
18:47 of 2nd period - Boyd Gordon is hit by Bryan Little.
19:21 of 2nd period - Icing by P.K. Subban.
19:22 of 2nd period - Boyd Gordon wins face-off versus Zach Parise in BlackHawks zone.
19:22 of 2nd period - Boyd Gordon is hit by Dan Boyle.

3rd period


0:01 of 3rd period - Zach Parise wins face-off versus Boyd Gordon in neutral zone.
0:27 of 3rd period - Bryan Little is hit by David Schlemko and loses puck.
0:40 of 3rd period - Shot by Dan Boyle.
0:40 of 3rd period - Shot Misses the Net.
1:09 of 3rd period - Shot by Pierre-Alexandr Parenteau.
1:09 of 3rd period - Shot Misses the Net.
1:30 of 3rd period - Shot by Martin Hanzal.
1:30 of 3rd period - Shot Blocked by Mark Eaton.
1:39 of 3rd period - Icing by Mark Eaton.
1:40 of 3rd period - Matt Cullen wins face-off versus Mika Zibanejad in BlackHawks zone.
2:13 of 3rd period - Shot by Curtis Glencross.
2:13 of 3rd period - Stopped by Braden Holtby without a rebound.
2:14 of 3rd period - Zach Parise wins face-off versus Henrik Sedin in BlackHawks zone.
2:14 of 3rd period - P.K. Subban is hit by Henrik Sedin and loses puck.
2:48 of 3rd period - Off-side.
2:49 of 3rd period - Martin Hanzal wins face-off versus Tyler Kennedy in neutral zone.
2:53 of 3rd period - Minor Penalty to Martin Hanzal for Hooking.
2:54 of 3rd period - Boyd Gordon wins face-off versus Zach Parise in Jets zone.
3:05 of 3rd period - Shot by Dan Boyle.
3:05 of 3rd period - Shot Misses the Net.
3:07 of 3rd period - Shot by Antoine Vermette.
3:07 of 3rd period - Shot Blocked by Pascal Dupuis.
3:09 of 3rd period - Shot by Bryan Little.
3:09 of 3rd period - Stopped by Ray Emery without a rebound.
3:10 of 3rd period - Boyd Gordon wins face-off versus Mika Zibanejad in Jets zone.
3:10 of 3rd period - Boyd Gordon is hit by Jay McClement.
4:06 of 3rd period - Shot by Dan Boyle.
4:06 of 3rd period - Shot Blocked by Kimmo Timonen.
4:08 of 3rd period - Shot by P.K. Subban.
4:08 of 3rd period - Stopped by Ray Emery without a rebound.
4:09 of 3rd period - Lee Stempniak wins face-off versus Zach Parise in Jets zone.
4:09 of 3rd period - Lee Stempniak is hit by Zach Parise.
4:59 of 3rd period - Davis Drewiske is hit by James Wisniewski and loses puck.
5:18 of 3rd period - Off-side.
5:19 of 3rd period - Matt Cullen wins face-off versus Mika Zibanejad in neutral zone.
5:24 of 3rd period - Shot by Curtis Glencross.
5:24 of 3rd period - Shot Misses the Net.
5:45 of 3rd period - Shot by Martin Erat.
5:45 of 3rd period - Stopped by Ray Emery without a rebound.
5:46 of 3rd period - Mats Zuccarello wins face-off versus Matt Moulson in Jets zone.
5:51 of 3rd period - Shot by Simon Gagne.
5:51 of 3rd period - Stopped by Ray Emery without a rebound.
5:52 of 3rd period - Henrik Sedin wins face-off versus Zach Parise in Jets zone.
5:52 of 3rd period - Henrik Sedin is hit by Zach Parise.
6:23 of 3rd period - Shot by Dan Boyle.
6:23 of 3rd period - Stopped by Ray Emery without a rebound.
6:24 of 3rd period - Martin Hanzal wins face-off versus Mika Zibanejad in Jets zone.
6:24 of 3rd period - Martin Hanzal is hit by Mika Zibanejad.
6:43 of 3rd period - Pierre-Alexandr Parenteau is hit by Jack Hillen and loses puck.
7:21 of 3rd period - Icing by James Wisniewski.
7:22 of 3rd period - Zach Parise wins face-off versus Pierre-Alexandr Parenteau in Jets zone.
7:59 of 3rd period - Shot by Henrik Sedin.
7:59 of 3rd period - Stopped by Braden Holtby without a rebound.
8:00 of 3rd period - Matt Cullen wins face-off versus Mats Zuccarello in BlackHawks zone.
8:31 of 3rd period - Shot by Curtis Glencross.
8:31 of 3rd period - Shot Misses the Net.
8:36 of 3rd period - Simon Gagne is hit by Lee Stempniak and loses puck.
8:55 of 3rd period - Lee Stempniak is hit by Mark Eaton and loses puck.
10:44 of 3rd period - Shot by Simon Gagne.
10:44 of 3rd period - Shot Blocked by Pascal Dupuis.
11:34 of 3rd period - Shot by Zach Parise.
11:34 of 3rd period - Deflect By Jamie McGinn.
11:34 of 3rd period - Stopped by Ray Emery without a rebound.
11:35 of 3rd period - Mika Zibanejad wins face-off versus Boyd Gordon in Jets zone.
11:42 of 3rd period - Shot by Matt Cooke.
11:42 of 3rd period - Shot Misses the Net.
12:03 of 3rd period - Off-side.
12:04 of 3rd period - Matt Cullen wins face-off versus Mats Zuccarello in neutral zone.
12:13 of 3rd period - Shot by Curtis Glencross.
12:13 of 3rd period - Shot Misses the Net.
12:27 of 3rd period - Shot by Curtis Glencross.
12:27 of 3rd period - Shot Misses the Net.
12:42 of 3rd period - Minor Penalty to James Wisniewski for Hooking.
12:43 of 3rd period - Boyd Gordon wins face-off versus Zach Parise in Jets zone.
12:56 of 3rd period - Shot by Zach Parise.
12:56 of 3rd period - Deflect By Bryan Little.
12:56 of 3rd period - Goal by Bryan Little - BlackHawks : 2 - Jets : 2.
12:57 of 3rd period - Jay McClement wins face-off versus Martin Hanzal in neutral zone.
13:10 of 3rd period - Shot by Martin Erat.
13:10 of 3rd period - Deflect By Mika Zibanejad.
13:10 of 3rd period - Stopped by Ray Emery without a rebound.
13:11 of 3rd period - Matt Cullen wins face-off versus Zach Parise in Jets zone.
14:17 of 3rd period - Shot by Jay McClement.
14:17 of 3rd period - Stopped by Ray Emery without a rebound.
14:18 of 3rd period - Mats Zuccarello wins face-off versus Henrik Sedin in Jets zone.
14:45 of 3rd period - Shot by Mats Zuccarello.
14:45 of 3rd period - Deflect By Tyler Kennedy.
14:45 of 3rd period - Stopped by Ray Emery without a rebound.
14:46 of 3rd period - Mika Zibanejad wins face-off versus Matt Moulson in Jets zone.
14:47 of 3rd period - Shot by Martin Erat.
14:47 of 3rd period - Shot Blocked by Kevin Klein.
15:14 of 3rd period - Icing by T.J. Brodie.
15:15 of 3rd period - Matt Moulson wins face-off versus Zach Parise in Jets zone.
15:15 of 3rd period - Matt Moulson is hit by Zach Parise.
15:28 of 3rd period - Icing by Dan Boyle.
15:29 of 3rd period - Bryan Little wins face-off versus Henrik Sedin in BlackHawks zone.
15:52 of 3rd period - Shot by Bryan Little.
15:52 of 3rd period - Shot Misses the Net.
16:06 of 3rd period - Shot by Henrik Sedin.
16:06 of 3rd period - Goal by Henrik Sedin - BlackHawks : 2 - Jets : 3.
16:07 of 3rd period - Martin Hanzal wins face-off versus Mika Zibanejad in neutral zone.
16:34 of 3rd period - Shot by Jack Hillen.
16:34 of 3rd period - Shot Blocked by Kimmo Timonen.
16:36 of 3rd period - Shot by Mika Zibanejad.
16:36 of 3rd period - Deflect By Martin Erat.
16:36 of 3rd period - Shot Misses the Net.
17:08 of 3rd period - Shot by Simon Gagne.
17:08 of 3rd period - Stopped by Ray Emery with a rebound.
17:45 of 3rd period - Shot by Zach Parise.
17:45 of 3rd period - Shot Misses the Net.
17:59 of 3rd period - Shot by Zach Parise.
17:59 of 3rd period - Stopped by Ray Emery without a rebound.
18:00 of 3rd period - Zach Parise wins face-off versus Henrik Sedin in Jets zone.
19:06 of 3rd period - Icing by Mika Zibanejad.
19:07 of 3rd period - Mika Zibanejad wins face-off versus Curtis Glencross in BlackHawks zone.
19:22 of 3rd period - BlackHawks, Braden Holtby is pulled from the net.
19:38 of 3rd period - Shot by Mika Zibanejad.
19:38 of 3rd period - Shot Misses the Net.
19:51 of 3rd period - Icing by Dennis Wideman.
19:52 of 3rd period - Zach Parise wins face-off versus Boyd Gordon in Jets zone.


Output by the SimonT Hockey Simulator (STHS) for Stephane Roy -- Original Page W3C XHTML 1.0 Valid
Hockey Simulator - Hockey Simulation - Hockey Manager